cohdb
Replays
Latest Replays
All Replays
Popular Replays
Top Player Replays
Match Explorer
How It Works
Community
CoH3 Stats
Reddit
Sign in to upload your games and track your stats! →
Sign in with Steam
Match 42746162
Unlisted
Match 42746162
Overview
Messages
Build Orders
End
Royal Engineer Section
Construct Section Command Post
Selects Canadian Shock Battlegroup
Infantry Section
Dingo Light Scout Car
Infantry Section
Construct Field Infirmary
Selects Attacking Spirit
Selects Canadian Shock Section
Grenade Package
Construct Platoon Command Post
Unlock M3 Stuart Light Tanks
Selects Incendiary Munitions
M3 Stuart Light Tank
6-pounder Anti-tank Gun Team
Vickers Machine Gun Team
Infantry Training
Selects Pyrotechnics
Construct Company Command Post
Matilda II Heavy Tank
Foot Guards Section
Unlock Bishop Self-propelled Artillery
Armored Vehicle Training
Selects Churchill Crocodile Heavy Tank
Killervirus
Trion
0
0
Comments
sign in to comment!
No comments posted yet!